 Dungeon Crawl Stone Soup version 0.27-a0-1384-g1422d76b99 (webtiles) character file.

Game seed: 1992817676219391092

1612 flotson the Covert (level 8, -3/54 HPs)
             Began as an Octopode Brigand on July 1, 2021.
             Was an Initiate of Gozag.
             Shot with an arrow by a centaur (13 damage)
             ... on level 6 of the Dungeon.
             The game lasted 00:17:46 (7510 turns).

flotson the Covert (Octopode Brigand)               Turns: 7510, Time: 00:17:47

Health: -3/54      AC:  1    Str: 13    XL:     8   Next: 95%
Magic:  11/13      EV: 14    Int: 13    God:    Gozag
Gold:   222        SH:  0    Dex: 13    Spells: 2/13 levels left

rFire    . . .     SeeInvis .   a - +0 flail (drain)
rCold    . . .     Faith    .   (no shield)
rNeg     . . .     Spirit   .   f - +0 hat
rPois    .         Reflect  .   (no amulet)
rElec    .         Harm     .   (no ring)
rCorr    .         Rampage  .   (no ring)
Will     .....                  (no ring)
Stlth    +++++.....             (no ring)
HPRegen  0.18/turn              (no ring)
MPRegen  0.13/turn              (no ring)
                                (no ring)
                                (no ring)

@: very slightly contaminated, studying Staves
A: almost no armour, amphibious, 8 rings, camouflage 1, gelatinous body 1,
(nimble swimmer 1), tentacles
a: Renounce Religion, Potion Petition, Call Merchant, Bribe Branch


You were on level 6 of the Dungeon.
You worshipped Gozag.
Gozag was aware of your devotion.
You visited 2 branches of the dungeon, and saw 7 of its levels.

You collected 301 gold pieces.
You paid 79 gold pieces to Gozag.

Inventory:

Hand Weapons
 a - a +0 flail of draining (weapon)
 b - a +0 hunting sling
 q - a +0 falchion of holy wrath
 r - a +2 dagger
 t - a +0 scimitar
Missiles
 c - a curare-tipped dart
 g - 4 boomerangs
 i - 13 poisoned darts (quivered)
 n - 2 javelins
 w - 52 sling bullets
 y - 30 stones
Armour
 f - a +0 hat (worn)
Scrolls
 d - 3 scrolls of amnesia {unknown}
 k - a scroll of enchant weapon {unknown}
 l - 2 scrolls of noise
 m - a scroll of teleportation {unknown}
 o - a scroll of holy word {unknown}
 p - a scroll of summoning {unknown}
 x - a scroll of vulnerability {unknown}
Potions
 e - a potion of brilliance
 h - a potion of mutation
 j - a potion of magic
 s - a potion of lignification {unknown}
 u - a potion of curing
 v - a potion of degeneration {unknown}


   Skills:
 + Level 4.6 Fighting
 - Level 3.0 Short Blades
 + Level 4.6 Throwing
 + Level 4.3 Dodging
 + Level 8.1 Stealth
 + Level 3.4 Spellcasting
 + Level 3.7 Hexes
 + Level 2.3 Ice Magic


You had 2 spell levels left.
You knew the following spells:

 Your Spells              Type           Power      Damage    Failure   Level
a - Ensorcelled Hibernat  Hex/Ice        20%        N/A       10%         2
b - Confusing Touch       Hex            12%        N/A       14%         3
c - Tukima's Dance        Hex            12%        N/A       14%         3
d - Ozocubu's Armour      Ice            8%         N/A       26%         3

Your spell library contained the following spells:

 Spells                   Type           Power      Damage    Failure   Level
 Corona                   Hex            13%        N/A       4%          1
 Freeze                   Ice            32%        1d5       9%          1
 Frozen Ramparts          Ice            16%        1d3       26%         3
 Dazzling Flash           Conj/Hex       14%        N/A       30%         3
 Hailstorm                Conj/Ice       5%         3d4       80%         4
 Metabolic Englaciation   Hex/Ice        5%         N/A       86%         5


Dungeon Overview and Level Annotations

Branches:
Dungeon (6/15)             Temple (1/1) D:6

Altars:
Ashenzari
Elyvilon
Gozag
Hepliaklqana
Kikubaaqudgha
Makhleb
Nemelex Xobeh
Okawaru
Qazlal
Ru
Sif Muna
Trog
Vehumet
Wu Jian
Xom
Yredelemnul
Zin


Innate Abilities, Weirdness & Mutations

You cannot wear most types of armour.
You are amphibious.
You can wear up to eight rings at the same time.
Your skin changes colour to match your surroundings (Stealth+).
Your rubbery body absorbs attacks. (AC +1, EV +1)
((You are camouflaged near water. (Stealth+)))
You have tentacles for arms and can constrict up to eight enemies at once.


Message History

You constrict Prince Ribbit.
You kill Prince Ribbit!
Prince Ribbit returns to his original shape as he dies.
Your Stealth skill increases to level 8!
Magic restored.
You now have 222 gold pieces (gained 4).
i - 8 poisoned darts (gained 1)
i - 9 poisoned darts (gained 1)
i - 10 poisoned darts (gained 1)
i - 11 poisoned darts (gained 1)
i - 13 poisoned darts (gained 2)
y - 19 stones (gained 18)
You see here a +0 falchion.
y - 28 stones (gained 9)
You see here a +2 dagger of pain.
You see here a +0 falchion.
You see here a +0 robe.
y - 30 stones (gained 2)
A centaur is nearby!
Things that are here:
11 stones; a sling bullet
Casting: Ensorcelled Hibernation (safe; 10% risk of failure)
Confirm with . or Enter, or press ? or * to list all spells.
Aiming: Ensorcelled Hibernation (safe; 10% risk of failure)
Press: ? - help, Shift-Dir - straight line, f - centaur
Aim: a centaur, wielding a +0 shortbow and quivering arrows (wandering, hasn't noticed you, chance to affect: 41%)
You miscast Ensorcelled Hibernation.
You are very lightly contaminated with residual magic.
Nothing appears to happen.
The centaur shouts!
The centaur shoots an arrow.
The arrow hits you! The white imp gestures at you. The puff of frost hits you!
The centaur shoots an arrow.
The arrow hits you!
Things that are here:
11 stones; a sling bullet The centaur shoots an arrow.
The arrow hits you!
* * * LOW HITPOINT WARNING * * *
The centaur shoots an arrow.
The arrow hits you!
You die...
Your body crumbles into a pile of gold.

#.. #..
#..........
#......###
#..........
#..#..5..##
#..........
#.....#.#.#
#.#########
#...#..#.# #[#.#
#...
##..(.#5.##..##.#
#... #..........#
#.# #...
#..#..(#.######.#
#...
#(..(c..@.[.....#
#...
#################
####


You could see a centaur and a white imp.

Vanquished Creatures
  Prince Ribbit (D:6)
  An ice beast (D:5)
  4 black bears
  A necrophage (D:6)
  A phantom (D:5)
  A kobold brigand (D:6)
  A bullfrog (D:5)
  A scorpion (D:4)
  A wyvern skeleton (D:6)
  A wight (D:5)
  2 howler monkeys (D:5)
  A centaur zombie (D:5)
  4 hounds
  An orc priest (D:6)
  A scorpion zombie (D:5)
  Robin (D:3)
  5 gnolls
  8 adders
  A white imp (D:5)
  2 worms
  3 dart slugs
  9 orcs
  10 ball pythons
  12 endoplasms
  3 giant cockroaches
  17 goblins
  6 hobgoblins
  7 jackals
  3 quokkas
  6 bats
  2 frilled lizards (D:1)
  A jackal skeleton (D:4)
  4 kobolds
  A quokka skeleton (D:4)
  6 rats
129 creatures vanquished.

Notes
Turn   | Place    | Note
-------+----------+-------------------------------------------
     0 | D:1      | flotson the Octopode Brigand began the quest for the Orb.
     0 | D:1      | Reached XP level 1. HP: 14/14 MP: 1/1
   264 | D:1      | Reached XP level 2. HP: 19/19 MP: 2/2
   267 | D:1      | Found a faded altar of an unknown god.
   423 | D:1      | Reached XP level 3. HP: 12/24 MP: 3/3
  1033 | D:2      | Learned a level 2 spell: Ensorcelled Hibernation
  1094 | D:2      | Reached XP level 4. HP: 21/30 MP: 4/4
  1928 | D:2      | Reached skill level 6 in Stealth
  1987 | D:2      | Reached XP level 5. HP: 35/35 MP: 6/6
  2120 | D:3      | Reached skill level 1 in Hexes
  2153 | D:3      | Noticed Robin
  2370 | D:3      | Killed Robin
  2518 | D:3      | Reached skill level 1 in Spellcasting
  2933 | D:3      | Reached skill level 1 in Ice Magic
  3366 | D:4      | Reached XP level 6. HP: 28/41 MP: 6/8
  4028 | D:4      | Found a glowing silver altar of Zin.
  4113 | D:5      | Entered Level 5 of the Dungeon
  4118 | D:5      | Learned a level 3 spell: Confusing Touch
  4122 | D:5      | Learned a level 3 spell: Tukima's Dance
  4191 | D:5      | Reached XP level 7. HP: 23/46 MP: 9/9
  4855 | D:5      | Reached skill level 7 in Stealth
  5145 | D:5      | Reached XP level 8. HP: 16/54 MP: 11/11
  5959 | D:6      | Noticed Prince Ribbit
  6298 | D:6      | Found a staircase to the Ecumenical Temple.
  6300 | D:6      | Identified the +0 ring mail of Sunlight {rF+}
  6311 | Temple   | Entered the Ecumenical Temple
  6355 | Temple   | Became a worshipper of Gozag Ym Sagoz the Greedy
  6738 | D:6      | Learned a level 3 spell: Ozocubu's Armour
  7352 | D:6      | Killed Prince Ribbit
  7353 | D:6      | Reached skill level 8 in Stealth
  7510 | D:6      | Shot with an arrow by a centaur

Illustrated notes

Levels and vault maps discovered:
D:1:      denvon_arrival_planthouse, layout_rooms,
          hellmonk_ecumenical_altar_blasted, minmay_nonomino_d4
D:2:      minmay_chambers_of_twos, layout_basic
D:3:      layout_basic, uniq_robin
D:4:      layout_rooms, marbit_many_paths, nrook_campfire
D:5:      layout_rooms, minmay_manual_mail
D:6:      layout_rooms, minmay_temple_entry_ruins, minmay_increasing_density,
          uniq_prince_ribbit1
Temple:   compressed_dpeg_circular_temple

Skill      XL: |  1  2  3  4  5  6  7  8 |
---------------+-------------------------+-----
Stealth        | 6 7 8 |  8.1
Hexes          | 1 2 3 |  3.7
Dodging        | 2 3 4 |  4.3
Spellcasting   | 1 2 3 |  3.4
Ice Magic      | 1 2 |  2.3
Short Blades   | 3 |  3.0
Fighting       | 3 4 |  4.6
Throwing       | 3 4 |  4.6

Action                   |  1- 3 |  4- 6 |  7- 9 || total
-------------------------+-------+-------+-------++-------
Melee: Dagger            |    69 |   112 |    11 ||   192
       Tentacles         |     8 |    29 |    12 ||    49
       Constrict         |    14 |    35 |    15 ||    64
       Flail             |       |       |    65 ||    65
 Fire: Hunting sling     |       |       |    33 ||    33
Throw: Dart              |     2 |    29 |    40 ||    71
       Javelin           |       |     2 |     4 ||     6
  Use: Potion            |       |     5 |     3 ||     8
       Scroll            |       |     3 |     3 ||     6
 Stab: Sleeping          |    12 |    11 |       ||    23
       Distracted        |     1 |       |     1 ||     2
Armor: Skin              |     6 |     7 |     3 ||    16
Dodge: Dodged            |    30 |    87 |    68 ||   185

Table legend: (Time is in decaauts)
 A = Elapsed time spent in this place.
 B = Non-inter-level travel time spent in this place.
 C = Inter-level travel time spent in this place.
 D = Time resting spent in this place.
 E = Time spent auto-exploring this place.
 F = Levels seen in this place.
 G = Mean time per level.
                   A        B        C        D        E       F      G
               +--------+--------+--------+--------+--------+-----+--------+
         Total |   7495 |   7301 |    194 |    867 |   5230 |   7 | 1070.7 |
       Dungeon |   7411 |   7257 |    154 |    867 |   5192 |   6 | 1235.2 |
        Temple |     84 |     44 |     40 |      0 |     38 |   1 |   84.0 |
               +--------+--------+--------+--------+--------+-----+--------+

Top non-repeatable levels by time:
     D:5: 1904 daAuts
     D:6: 1417 daAuts
     D:1: 1231 daAuts
     D:3: 995 daAuts
     D:2: 956 daAuts
     D:4: 905 daAuts
  Temple: 84 daAuts
